[Event "Slovenian chT 2019"]
[Site "Slovenia"]
[Date "2019.11.24"]
[Round "6"]
[White "Titan, Matej"]
[Black "Suta, Andraz"]
[Result "1/2-1/2"]
[ECO "D37"]
[WhiteElo "2229"]
[BlackElo "2242"]
[Annotator "NA"]
[PlyCount "55"]
[EventDate "2019.??.??"]
[EventCountry "SLO"]
[SourceTitle "playchess.com"]
[Source "ChessBase"]
[SourceQuality "1"]
[TimeControl "40/5400+30:1800+30"]

1. d4 Nf6 2. c4 e6 3. Nf3 d5 4. Nc3 Be7 5. Bf4 O-O 6. a3 a6 7. e3 dxc4 8. Bxc4 b5 9. Be2 Bb7 10. O-O c5 11. dxc5 Bxc5 12. Ne5 Nbd7 13. Bf3 Bxf3 14. Qxf3 Nxe5 15. Bxe5 Be7 16. Rfd1 Qb6 17. Ne4 Nxe4 18. Qxe4 Rfd8 19. Bd4 Bc5 20. Bc3 Rxd1+ 21. Rxd1 Rd8 22. Rxd8+ Qxd8 23. g3 Qd5 24. Qg4 Bf8 25. Qf4 Bd6 26. Qg4 Bf8 27. Qf4 Bd6 28. Qg4 1/2-1/2

[Event "Slovenian chT 2019"]
[Site "Slovenia"]
[Date "2019.11.24"]
[Round "6"]
[White "Urbanc, Peter"]
[Black "Zupe, Miran"]
[Result "1/2-1/2"]
[ECO "D00"]
[WhiteElo "2212"]
[BlackElo "2236"]
[Annotator "NA"]
[PlyCount "75"]
[EventDate "2019.??.??"]
[EventCountry "SLO"]
[SourceTitle "playchess.com"]
[Source "ChessBase"]
[SourceQuality "1"]
[TimeControl "40/5400+30:1800+30"]

1. d4 Nf6 2. e3 d5 3. f4 c5 4. Nf3 e6 5. Bd3 Be7 6. O-O O-O 7. c3 b6 8. Nbd2 Ba6 9. Bxa6 Nxa6 10. Qe2 Nb8 11. b3 Nc6 12. Bb2 Qc7 13. Rac1 Qb7 14. Ne5 Rac8 15. g4 Nd7 16. Ndf3 Nf6 17. Ng5 Nxe5 18. fxe5 Nd7 19. Nf3 f6 20. dxc5 bxc5 21. c4 fxe5 22. Nxe5 Rxf1+ 23. Rxf1 Rf8 24. cxd5 Rxf1+ 25. Qxf1 Nxe5 26. Bxe5 Qxd5 27. Bf4 h5 28. gxh5 Qxh5 29. Qb5 Qg4+ 30. Bg3 Qd1+ 31. Qf1 Qd2 32. Qf2 Qd1+ 33. Qf1 Qd2 34. Qf2 Qd1+ 35. Qe1 Qc2 36. Qa5 Qd1+ 37. Kg2 Qd5+ 38. Kf2 1/2-1/2

[Event "Slovenian chT 2019"]
[Site "Slovenia"]
[Date "2019.11.24"]
[Round "6"]
[White "Polajzer, Danilo"]
[Black "Skuhala, Jernej"]
[Result "1/2-1/2"]
[ECO "E05"]
[WhiteElo "2207"]
[BlackElo "2266"]
[Annotator "NA"]
[PlyCount "35"]
[EventDate "2019.??.??"]
[EventCountry "SLO"]
[SourceTitle "playchess.com"]
[Source "ChessBase"]
[SourceQuality "1"]
[TimeControl "40/5400+30:1800+30"]

1. Nf3 Nf6 2. d4 d5 3. c4 e6 4. g3 Be7 5. Bg2 O-O 6. O-O dxc4 7. Ne5 Nc6 8. Bxc6 bxc6 9. Nxc6 Qe8 10. Nxe7+ Qxe7 11. Qa4 e5 12. dxe5 Qxe5 13. Nc3 Be6 14. Bf4 Qc5 15. Be3 Qe5 16. Bf4 Qc5 17. Be3 Qe5 18. Bf4 1/2-1/2

[Event "Slovenian chT 2019"]
[Site "Slovenia"]
[Date "2019.11.24"]
[Round "6"]
[White "Slibar, Matjaz"]
[Black "Serdt, Simon"]
[Result "0-1"]
[ECO "B27"]
[WhiteElo "2188"]
[BlackElo "2174"]
[Annotator "NA"]
[PlyCount "74"]
[EventDate "2019.??.??"]
[EventCountry "SLO"]
[SourceTitle "playchess.com"]
[Source "ChessBase"]
[SourceQuality "1"]
[TimeControl "40/5400+30:1800+30"]

1. e4 c5 2. Nc3 g6 3. d4 cxd4 4. Qxd4 Nf6 5. Nf3 Nc6 6. Qa4 Ng4 7. h3 Nge5 8. Nxe5 Nxe5 9. Be3 Bg7 10. Nd5 Nc6 11. Bb6 axb6 12. Qxa8 Bxb2 13. Rb1 Bd4 14. Bd3 e6 15. c3 Bc5 16. Nb4 Ne5 17. Be2 O-O 18. g3 d5 19. f4 dxe4 20. fxe5 Qg5 21. Kd1 Rd8+ 22. Kc2 Qd2+ 23. Kb3 Qxe2 24. Qb8 b5 25. Qc7 Qc4+ 26. Kc2 Rd2+ 27. Kxd2 Be3+ 28. Kxe3 Qxc7 29. Kxe4 b6 30. Rhe1 Qxc3 31. Nd3 Bb7+ 32. Ke3 Bd5 33. Rec1 Qa5 34. Rc7 Bc4 35. Rf1 Qc3 36. Rfxf7 Qxd3+ 37. Kf4 Qf1+ 0-1

[Event "Slovenian chT 2019"]
[Site "Slovenia"]
[Date "2019.11.24"]
[Round "6"]
[White "Breznik, Kristijan"]
[Black "Rozman, Monika"]
[Result "1-0"]
[ECO "C54"]
[WhiteElo "2180"]
[BlackElo "2127"]
[Annotator "NA"]
[PlyCount "99"]
[EventDate "2019.??.??"]
[EventCountry "SLO"]
[SourceTitle "playchess.com"]
[Source "ChessBase"]
[SourceQuality "1"]
[TimeControl "40/5400+30:1800+30"]

1. e4 e5 2. Nf3 Nc6 3. Bc4 Bc5 4. c3 Nf6 5. d3 O-O 6. O-O d6 7. a4 a6 8. Bb3 Ba7 9. Bg5 h6 10. Bh4 g5 11. Nxg5 hxg5 12. Bxg5 Bg4 13. Qd2 Be6 14. Bd5 Kh7 15. Kh1 Rg8 16. f4 Rxg5 17. fxg5 Nh5 18. Bxe6 fxe6 19. Na3 Kg6 20. g3 Qxg5 21. Qxg5+ Kxg5 22. Rf7 Rh8 23. Kg2 Bb6 24. Raf1 Kg6 25. R7f3 Nb8 26. Rf8 Rxf8 27. Rxf8 Nd7 28. Rc8 Nc5 29. a5 Ba7 30. Ra8 Bb6 31. axb6 cxb6 32. Rd8 d5 33. exd5 exd5 34. Rxd5 Nf6 35. Rxe5 Nxd3 36. Re2 b5 37. Rd2 Nc5 38. Nc2 Kf5 39. Rf2+ Ke5 40. Nd4 Ng4 41. Re2+ Kd5 42. h4 Na4 43. Nf5 Kc4 44. Re4+ Kb3 45. Rxg4 Nxb2 46. h5 a5 47. Nd4+ Kxc3 48. Nxb5+ Kb3 49. h6 Nc4 50. Rxc4 1-0

[Event "Slovenian chT 2019"]
[Site "Slovenia"]
[Date "2019.11.24"]
[Round "6"]
[White "Murko, David"]
[Black "Gruskovnjak, Tomislav"]
[Result "1/2-1/2"]
[ECO "B94"]
[WhiteElo "2170"]
[BlackElo "2258"]
[Annotator "NA"]
[PlyCount "86"]
[EventDate "2019.??.??"]
[EventCountry "SLO"]
[SourceTitle "playchess.com"]
[Source "ChessBase"]
[SourceQuality "1"]
[TimeControl "40/5400+30:1800+30"]

1. e4 c5 2. Nf3 d6 3. d4 cxd4 4. Nxd4 Nf6 5. Nc3 a6 6. Bg5 Nbd7 7. Bc4 h6 8. Be3 Nb6 9. Be2 e5 10. Nb3 Be6 11. O-O Rc8 12. Bxb6 Qxb6 13. Nd5 Bxd5 14. exd5 Be7 15. Qd3 O-O 16. c4 a5 17. Rab1 Bd8 18. Qf5 Rc7 19. Rfd1 g6 20. Qd3 Kg7 21. Qe3 Rc8 22. Qh3 Bc7 23. Nd2 Qa7 24. Rf1 Bb6 25. b3 Bc5 26. Qg3 Bb4 27. Nf3 Nh5 28. Qh4 Nf4 29. Bd1 f5 30. g4 fxg4 31. Qxg4 Rc7 32. Bc2 Rf6 33. Nh4 h5 34. Qf3 Rcf7 35. Kh1 g5 36. Rg1 g4 37. Rxg4+ hxg4 38. Qxg4+ Kf8 39. Qc8+ Ke7 40. Qc7+ Ke8 41. Qc8+ Ke7 42. Qc7+ Ke8 43. Qc8+ Ke7 1/2-1/2

[Event "Slovenian chT 2019"]
[Site "Slovenia"]
[Date "2019.11.24"]
[Round "6"]
[White "Srebrnic, Ana"]
[Black "Bajt, Hana"]
[Result "1-0"]
[ECO "C22"]
[WhiteElo "2165"]
[BlackElo "1730"]
[Annotator "NA"]
[PlyCount "111"]
[EventDate "2019.??.??"]
[EventCountry "SLO"]
[SourceTitle "playchess.com"]
[Source "ChessBase"]
[SourceQuality "1"]
[TimeControl "40/5400+30:1800+30"]

1. e4 e5 2. d4 exd4 3. Qxd4 Nc6 4. Qe3 b6 5. Nc3 Nge7 6. Bd2 Ng6 7. Nd5 Bb7 8. O-O-O Nce7 9. Nc3 Nc6 10. Nd5 Nce7 11. Nxe7 Qxe7 12. f3 O-O-O 13. Bc4 f6 14. Nh3 Qc5 15. Qe2 Bd6 16. a3 a5 17. Be3 Qe5 18. Bd4 Qe7 19. g3 Bc5 20. Bc3 Rhe8 21. Rhe1 d5 22. exd5 Qxe2 23. Bxe2 Bxd5 24. Ba6+ Bb7 25. Rxd8+ Rxd8 26. Bxb7+ Kxb7 27. b4 axb4 28. axb4 Bd6 29. Nf2 h5 30. Ne4 Be5 31. f4 Bxc3 32. Nxc3 Rd4 33. Re8 Rd7 34. Rg8 h4 35. Nd1 Re7 36. Kd2 Kc6 37. Ne3 Rd7+ 38. Ke2 hxg3 39. hxg3 Re7 40. Kf3 Kb5 41. c3 Rf7 42. Ke4 Nf8 43. Nf5 g6 44. Nh6 Re7+ 45. Kd3 Rd7+ 46. Kc2 Nh7 47. Rxg6 Kc4 48. Nf5 Rd3 49. Rg7 Rxc3+ 50. Kd2 Kxb4 51. Rxh7 c5 52. Rb7 Rf3 53. Rxb6+ Kc4 54. Rxf6 Kd5 55. Ke2 Ra3 56. Ne3+ 1-0

[Event "Slovenian chT 2019"]
[Site "Slovenia"]
[Date "2019.11.24"]
[Round "6"]
[White "Janzelj, Lara"]
[Black "Mohr, Georg"]
[Result "0-1"]
[ECO "A43"]
[WhiteElo "2158"]
[BlackElo "2437"]
[Annotator "NA"]
[PlyCount "74"]
[EventDate "2019.??.??"]
[EventCountry "SLO"]
[SourceTitle "playchess.com"]
[Source "ChessBase"]
[SourceQuality "1"]
[TimeControl "40/5400+30:1800+30"]

1. d4 e6 2. c4 c5 3. d5 exd5 4. cxd5 d6 5. Nc3 g6 6. e4 Bg7 7. Bd3 Ne7 8. h3 a6 9. a4 Nd7 10. Nf3 Ne5 11. Nxe5 Bxe5 12. O-O Bg7 13. Bf4 h6 14. Bg3 O-O 15. Qd2 g5 16. f4 Ng6 17. fxg5 hxg5 18. e5 Nxe5 19. Bxe5 Bxe5 20. Ne4 f6 21. Qe2 Qe7 22. Rae1 Bd7 23. Kh1 Qg7 24. a5 Rae8 25. Qh5 Re7 26. Nf2 f5 27. Nd1 Be8 28. Qf3 g4 29. hxg4 fxg4 30. Qxf8+ Qxf8 31. Rxf8+ Kxf8 32. Bf5 g3 33. Re3 Bd7 34. Be4 Bf4 35. Re1 Bd2 36. Rf1+ Kg7 37. Bf3 Bb5 0-1

[Event "Slovenian chT 2019"]
[Site "Slovenia"]
[Date "2019.11.24"]
[Round "6"]
[White "Rozic, Adrijan"]
[Black "Marn, Jan"]
[Result "0-1"]
[ECO "C22"]
[WhiteElo "2048"]
[BlackElo "2217"]
[Annotator "NA"]
[PlyCount "66"]
[EventDate "2019.??.??"]
[EventCountry "SLO"]
[SourceTitle "playchess.com"]
[Source "ChessBase"]
[SourceQuality "1"]
[TimeControl "40/5400+30:1800+30"]

1. e4 e5 2. d4 exd4 3. Qxd4 Nc6 4. Qe3 g6 5. Bd2 Bg7 6. Bc3 Nf6 7. Nd2 O-O 8. O-O-O d5 9. Nb3 Nxe4 10. Bxg7 Kxg7 11. h4 h6 12. c4 Bf5 13. g4 Bxg4 14. f3 Ng3 15. cxd5 Re8 16. Qc3+ Ne5 17. Bb5 Bd7 18. Bxd7 Qxd7 19. Rh3 Qxh3 20. f4 Qxh4 21. fxe5 Qf4+ 22. Kb1 Qxe5 23. Nd4 Ne4 24. Qb3 Qg3 25. Ngf3 Rad8 26. Ka1 c6 27. Nf5+ gxf5 28. Rg1 Qxg1+ 29. Nxg1 cxd5 30. Qh3 Ng5 31. Qg3 d4 32. Kb1 d3 33. Kc1 d2+ 0-1

[Event "Slovenian chT 2019"]
[Site "Slovenia"]
[Date "2019.11.24"]
[Round "6"]
[White "Rifelj, Luka"]
[Black "Trussevich, Sergey"]
[Result "0-1"]
[ECO "B41"]
[WhiteElo "1961"]
[BlackElo "2274"]
[Annotator "NA"]
[PlyCount "146"]
[EventDate "2019.??.??"]
[EventCountry "SLO"]
[SourceTitle "playchess.com"]
[Source "ChessBase"]
[SourceQuality "1"]
[TimeControl "40/5400+30:1800+30"]

1. d4 Nf6 2. c4 e6 3. Nf3 c5 4. Nc3 cxd4 5. Nxd4 a6 6. e4 Qc7 7. a3 b6 8. Bd3 Bb7 9. f4 d6 10. O-O g6 11. Be3 Nbd7 12. Qf3 Bg7 13. Rac1 O-O 14. b4 Rac8 15. g4 h6 16. Qg3 Rfe8 17. Nf3 Qb8 18. e5 dxe5 19. fxe5 Nh7 20. Ne4 Nxe5 21. Nxe5 Bxe5 22. Qh3 Qc7 23. Qxh6 Bg7 24. Qh3 Red8 25. Bb1 Qe5 26. Bf4 Qd4+ 27. Be3 Qxe3+ 28. Qxe3 Bd4 29. Rfe1 Bxe3+ 30. Rxe3 Rd4 31. c5 bxc5 32. bxc5 f5 33. Nf2 Bd5 34. Nd3 Rxg4+ 35. Rg3 Rxg3+ 36. hxg3 Be4 37. Rc3 Nf6 38. Ba2 Bd5 39. Bxd5 Nxd5 40. Rc4 Kf8 41. Ra4 Nc7 42. Kf2 Rd8 43. Ke2 e5 44. Rh4 Kg7 45. Rb4 Nb5 46. a4 Nc3+ 47. Kd2 e4 48. Kxc3 Rxd3+ 49. Kc2 Rd5 50. Rc4 Rd7 51. c6 Rc7 52. Kc3 Kf6 53. Kd4 e3 54. Kd5 e2 55. Rc1 Re7 56. Re1 g5 57. c7 Rxc7 58. Rxe2 Rd7+ 59. Kc5 Rd3 60. Rg2 Ke5 61. Re2+ Kf6 62. Rg2 Kg6 63. a5 Rb3 64. Kc4 Rb5 65. Ra2 Kh5 66. Kd4 Kg4 67. Ra3 Rb1 68. Ke5 Re1+ 69. Kd5 f4 70. gxf4 gxf4 71. Ra2 f3 72. Kc6 Kg3 73. Kb7 Re6 0-1

[Event "Slovenian chT 2019"]
[Site "Slovenia"]
[Date "2019.12.20"]
[Round "7"]
[White "Markus, Robert"]
[Black "Tomazini, Zan"]
[Result "1-0"]
[ECO "E11"]
[WhiteElo "2602"]
[BlackElo "2357"]
[Annotator "ChessBase"]
[PlyCount "71"]
[EventDate "2019.??.??"]
[EventCountry "SLO"]
[SourceTitle "playchess.com"]
[Source "ChessBase"]
[SourceQuality "1"]
[TimeControl "40/5400+30:1800+30"]

1. d4 Nf6 2. c4 e6 3. Nf3 Bb4+ 4. Bd2 Qe7 5. g3 Ne4 6. Bg2 O-O 7. O-O Nxd2 8. Nbxd2 Bxd2 9. Qxd2 d6 10. Qe3 Nd7 11. Rac1 Re8 12. c5 c6 13. cxd6 Qxd6 14. Rfd1 Nf8 15. Ne5 Bd7 16. Nc4 Qe7 17. Qb3 Reb8 18. e4 Be8 19. d5 exd5 20. exd5 cxd5 21. Ne3 Bc6 22. Nxd5 Bxd5 23. Bxd5 Rd8 24. Rc3 Rab8 25. Re3 Qd7 26. Qa3 Ne6 27. Red3 Rdc8 28. Qxa7 Qb5 29. Qe3 Nc5 30. R3d2 Re8 31. Qf4 Ne6 32. Qf5 Qb6 33. Bb3 Rf8 34. Rd6 Qb4 35. Rd7 Nc5 36. Qxf7+ 1-0

[Event "Slovenian chT 2019"]
[Site "Slovenia"]
[Date "2019.12.20"]
[Round "7"]
[White "Ivanisevic, Ivan"]
[Black "Borisek, Jure"]
[Result "1-0"]
[ECO "A36"]
[WhiteElo "2593"]
[BlackElo "2596"]
[Annotator "ChessBase"]
[PlyCount "87"]
[EventDate "2019.??.??"]
[EventCountry "SLO"]
[SourceTitle "playchess.com"]
[Source "ChessBase"]
[SourceQuality "1"]
[TimeControl "40/5400+30:1800+30"]

1. c4 c5 2. Nc3 g6 3. g3 Bg7 4. Bg2 Nc6 5. d3 d6 6. Qd2 e5 7. b3 Nge7 8. Bb2 O-O 9. h4 h5 10. Nh3 Rb8 11. O-O a6 12. Kh2 Nf5 13. Ne4 Bd7 14. e3 b5 15. Rad1 b4 16. Ra1 Qc7 17. a3 a5 18. axb4 axb4 19. Ra2 Ra8 20. Rfa1 Rxa2 21. Rxa2 Qb7 22. Nhg5 Ra8 23. Bc1 Rxa2 24. Qxa2 Qa7 25. Qb1 Qc7 26. Bb2 Be8 27. Bh3 Nce7 28. Qa1 Bc6 29. Nd2 Bb7 30. e4 Nd4 31. Bxd4 exd4 32. f4 Bc8 33. Qa4 Qd8 34. Qa8 Bf6 35. Ngf3 Qc7 36. e5 dxe5 37. Ne4 Bg7 38. Bxc8 Qxc8 39. Qxc8+ Nxc8 40. Nxe5 Bxe5 41. fxe5 Ne7 42. Nxc5 Nc6 43. Nd7 f5 44. e6 1-0

[Event "Slovenian chT 2019"]
[Site "Slovenia"]
[Date "2019.12.20"]
[Round "7"]
[White "Ruck, Robert"]
[Black "Aczel, Gergely"]
[Result "1/2-1/2"]
[ECO "A35"]
[WhiteElo "2530"]
[BlackElo "2523"]
[Annotator "ChessBase"]
[PlyCount "66"]
[EventDate "2019.??.??"]
[EventCountry "SLO"]
[SourceTitle "playchess.com"]
[Source "ChessBase"]
[SourceQuality "1"]
[TimeControl "40/5400+30:1800+30"]

1. Nf3 c5 2. c4 Nc6 3. Nc3 g6 4. e3 Nf6 5. d4 cxd4 6. exd4 d5 7. cxd5 Nxd5 8. Qb3 e6 9. Bb5 Bg7 10. O-O O-O 11. Nxd5 exd5 12. Be3 Qb6 13. Bxc6 bxc6 14. Rfc1 Rb8 15. Rxc6 Qxb3 16. axb3 Rxb3 17. Rxa7 Rxb2 18. h3 Rb7 19. Rxb7 Bxb7 20. Rd6 f6 21. Ne1 f5 22. Rb6 Bc8 23. Nd3 f4 24. Nxf4 Bxd4 25. Bxd4 Rxf4 26. Be3 Re4 27. Rd6 Be6 28. Rb6 h5 29. Rb7 Bf5 30. Bh6 Re1+ 31. Kh2 d4 32. Rb4 Re2 33. Rxd4 Rxf2 1/2-1/2

[Event "Slovenian chT 2019"]
[Site "Slovenia"]
[Date "2019.12.20"]
[Round "7"]
[White "Sebenik, Matej"]
[Black "Podkriznik, Gregor"]
[Result "1/2-1/2"]
[ECO "E97"]
[WhiteElo "2512"]
[BlackElo "2408"]
[Annotator "ChessBase"]
[PlyCount "65"]
[EventDate "2019.??.??"]
[EventCountry "SLO"]
[SourceTitle "playchess.com"]
[Source "ChessBase"]
[SourceQuality "1"]
[TimeControl "40/5400+30:1800+30"]

1. Nf3 Nf6 2. c4 g6 3. Nc3 Bg7 4. e4 d6 5. d4 O-O 6. Be2 e5 7. O-O Nc6 8. d5 Ne7 9. b4 Nh5 10. c5 Nf4 11. a4 f5 12. Bc4 Kh8 13. Ra3 fxe4 14. Nxe4 h6 15. Bxf4 Rxf4 16. Re1 Rf8 17. a5 a6 18. Bf1 Bg4 19. h3 Bc8 20. cxd6 cxd6 21. Nfd2 Bf5 22. Nc4 Bxe4 23. Rxe4 Rc8 24. Nb6 Rc7 25. Rc4 Rxc4 26. Bxc4 Nf5 27. Bd3 Rf7 28. Qg4 Qf6 29. Rc3 Kh7 30. Be4 h5 31. Qd1 Qh4 32. Qb1 Bh6 33. Rf3 1/2-1/2

[Event "Slovenian chT 2019"]
[Site "Slovenia"]
[Date "2019.12.20"]
[Round "7"]
[White "Markoja, Boris"]
[Black "Beliavsky, Alexander G"]
[Result "1/2-1/2"]
[ECO "E04"]
[WhiteElo "2445"]
[BlackElo "2519"]
[Annotator "ChessBase"]
[PlyCount "63"]
[EventDate "2019.??.??"]
[EventCountry "SLO"]
[SourceTitle "playchess.com"]
[Source "ChessBase"]
[SourceQuality "1"]
[TimeControl "40/5400+30:1800+30"]

1. d4 Nf6 2. c4 e6 3. g3 d5 4. Nf3 dxc4 5. Bg2 a6 6. O-O Nc6 7. Nc3 Rb8 8. e4 Be7 9. d5 Nb4 10. Ne5 O-O 11. Nxc4 exd5 12. exd5 Bg4 13. Qd2 Bf5 14. Ne3 Bg6 15. Rd1 Nd3 16. Qe2 Nxc1 17. Raxc1 Re8 18. Na4 h5 19. Nc5 Bd6 20. Qc4 a5 21. Qh4 Qe7 22. Nb3 Ra8 23. Nd4 Qd7 24. Nc4 a4 25. Nxd6 cxd6 26. Bh3 Qd8 27. Bf5 Bxf5 28. Nxf5 Re5 29. Ne3 Re4 30. Qg5 Ng4 31. Qxd8+ Rxd8 32. Nxg4 1/2-1/2

[Event "Slovenian chT 2019"]
[Site "Slovenia"]
[Date "2019.12.20"]
[Round "7"]
[White "Antal, Tibor Kende"]
[Black "Tratar, Marko"]
[Result "1/2-1/2"]
[ECO "C11"]
[WhiteElo "2420"]
[BlackElo "2440"]
[Annotator "RC"]
[PlyCount "136"]
[EventDate "2019.??.??"]
[EventCountry "SLO"]
[SourceTitle "playchess.com"]
[Source "ChessBase"]
[SourceQuality "1"]
[TimeControl "40/5400+30:1800+30"]

1. e4 e6 2. d4 d5 3. Nc3 Nf6 4. e5 Nfd7 5. f4 c5 6. Nf3 Nc6 7. Be3 cxd4 8. Nxd4 Bc5 9. Qd2 a6 10. O-O-O Nxd4 11. Bxd4 Qc7 12. Kb1 b5 13. Qf2 b4 14. Na4 Bxd4 15. Qxd4 a5 16. c4 bxc3 17. Rc1 Qb8 18. Rxc3 Qb4 19. Qxb4 axb4 20. Rc6 Ke7 21. Nb6 Rb8 22. Nxc8+ Rhxc8 23. Rxc8 Rxc8 24. Ba6 Rc7 25. Rc1 Rxc1+ 26. Kxc1 f6 27. exf6+ gxf6 28. a3 Nc5 29. Bb5 bxa3 30. bxa3 e5 31. fxe5 fxe5 32. Kc2 Kd6 33. a4 Ne6 34. Kd1 Kc5 35. Bd7 Nf4 36. g3 Nh5 37. a5 Nf6 38. Bc8 h5 39. h3 Ne4 40. a6 Kb6 41. Bb7 Nxg3 42. Bxd5 Kxa6 43. h4 Kb6 44. Ke1 Kc5 45. Bf3 Kd4 46. Kf2 Ne4+ 47. Ke2 Nf6 48. Bc6 e4 49. Kd2 Nd5 50. Bb5 e3+ 51. Ke1 Ke5 52. Bc6 Nf6 53. Ke2 Kf4 54. Kd3 Ng4 55. Be8 Nf2+ 56. Ke2 Ne4 57. Kd3 Ng3 58. Bc6 Nf5 59. Be8 Ng7 60. Bc6 Ne6 61. Be8 Nc5+ 62. Ke2 Ne4 63. Bc6 Nc3+ 64. Kd3 e2 65. Kd2 Kg3 66. Ke1 Kg4 67. Kf2 Kxh4 68. Bf3 Kg5 1/2-1/2

[Event "Slovenian chT 2019"]
[Site "Slovenia"]
[Date "2019.12.20"]
[Round "7"]
[White "Muha, Miljenko"]
[Black "Mazi, Leon"]
[Result "0-1"]
[ECO "B33"]
[WhiteElo "2313"]
[BlackElo "2326"]
[Annotator "NA"]
[PlyCount "132"]
[EventDate "2019.??.??"]
[EventCountry "SLO"]
[SourceTitle "playchess.com"]
[Source "ChessBase"]
[SourceQuality "1"]
[TimeControl "40/5400+30:1800+30"]

1. e4 c5 2. Nf3 Nc6 3. d4 cxd4 4. Nxd4 Nf6 5. Nc3 e5 6. Ndb5 d6 7. Bg5 a6 8. Na3 b5 9. Nd5 Be7 10. Bxf6 Bxf6 11. c3 Bb7 12. Nc2 Nb8 13. a4 bxa4 14. Rxa4 Nd7 15. Bc4 O-O 16. O-O Nc5 17. Rb4 a5 18. Nxf6+ Qxf6 19. Rb6 Bxe4 20. Ne3 Rfd8 21. f3 Qg5 22. Bxf7+ Kh8 23. Re1 Bg6 24. Bxg6 Qxg6 25. Nc4 Nd3 26. Re2 Rab8 27. Rxb8 Rxb8 28. Rd2 Nf4 29. Nxe5 Qf5 30. Rxd6 h6 31. Nd3 Nxd3 32. Qxd3 Qxd3 33. Rxd3 Rxb2 34. Rd8+ Kh7 35. Ra8 Rc2 36. Rxa5 Rxc3 37. Kf2 Rc6 38. g4 Kg6 39. h4 Rb6 40. Kg3 Kf6 41. Rf5+ Ke6 42. h5 Rb1 43. Ra5 Kf6 44. Ra6+ Kf7 45. Rd6 Ke7 46. Rc6 Kf7 47. Kf4 Rb4+ 48. Ke5 Rb5+ 49. Ke4 Rb4+ 50. Ke5 Rb5+ 51. Kd4 Rb1 52. Rc5 Kf6 53. Rf5+ Ke6 54. Ke4 Rb4+ 55. Ke3 Rb3+ 56. Kf4 Rb4+ 57. Kg3 Rb3 58. Ra5 Kf6 59. Ra6+ Kf7 60. g5 hxg5 61. Kg4 Rb4+ 62. Kxg5 Rb5+ 63. Kg4 Rb4+ 64. f4 Rb5 65. Rg6 Ra5 66. Rg5 Ra1 0-1

[Event "Slovenian chT 2019"]
[Site "Slovenia"]
[Date "2019.12.20"]
[Round "7"]
[White "Bratkovic, Jakob"]
[Black "Suta, Andraz"]
[Result "0-1"]
[ECO "C54"]
[WhiteElo "2308"]
[BlackElo "2242"]
[Annotator "NA"]
[PlyCount "110"]
[EventDate "2019.??.??"]
[EventCountry "SLO"]
[SourceTitle "playchess.com"]
[Source "ChessBase"]
[SourceQuality "1"]
[TimeControl "40/5400+30:1800+30"]

1. e4 e5 2. Nf3 Nc6 3. Bc4 Bc5 4. d3 Nf6 5. Nbd2 O-O 6. O-O a6 7. Bb3 d6 8. c3 Ba7 9. h3 Be6 10. Bc2 Ne7 11. Re1 Ng6 12. Nf1 h6 13. Ng3 c6 14. d4 Qc7 15. Be3 Rad8 16. Qc1 Rfe8 17. Kh1 Bc8 18. dxe5 Bxe3 19. exd6 Rxd6 20. Qxe3 Rde6 21. Nd4 R6e7 22. Ndf5 Re5 23. Qf3 Nh7 24. h4 Ne7 25. Ne3 Nf6 26. Red1 Ng6 27. h5 Nf8 28. Kg1 N8h7 29. Qf4 Qe7 30. Nc4 Rg5 31. Nd6 Rg4 32. Qf3 Ng5 33. Qe2 Rxg3 34. Nxc8 Qc5 35. b4 Nh3+ 36. Kh2 Rxg2+ 37. Kxg2 Nf4+ 38. Kf1 Qg5 39. Ne7+ Rxe7 40. Rd8+ Kh7 41. e5+ g6 42. hxg6+ fxg6 43. Qf3 Ng4 44. Qg3 Nh5 45. Qd3 Nh2+ 46. Ke1 Nf4 47. Qe4 Rxe5 48. Rd7+ Kh8 49. Rd8+ Kg7 50. Rd7+ Kf8 51. Kd2 Rxe4 52. Bxe4 Qg4 53. Rd4 Qe2+ 54. Kc1 Nf3 55. Bxf3 Nd3+ 0-1

[Event "Slovenian chT 2019"]
[Site "Slovenia"]
[Date "2019.12.20"]
[Round "7"]
[White "Skuhala, Jernej"]
[Black "Supancic, Darko"]
[Result "*"]
[ECO "E92"]
[WhiteElo "2281"]
[BlackElo "2288"]
[Annotator "NA"]
[PlyCount "55"]
[EventDate "2019.??.??"]
[EventCountry "SLO"]
[SourceTitle "playchess.com"]
[Source "ChessBase"]
[SourceQuality "1"]
[TimeControl "40/5400+30:1800+30"]

1. d4 Nf6 2. c4 g6 3. Nc3 Bg7 4. e4 O-O 5. Nf3 d6 6. Be2 e5 7. Be3 exd4 8. Nxd4 Re8 9. f3 c6 10. Bf2 Nbd7 11. O-O a6 12. Qd2 Ne5 13. Rfd1 Qe7 14. Na4 Bf8 15. Nb6 Rb8 16. Rac1 Be6 17. Nxe6 Qxe6 18. Bf1 Rbd8 19. b4 Nh5 20. c5 dxc5 21. Qxd8 Rxd8 22. Rxd8 Kg7 23. bxc5 Be7 24. Rdd1 Nf4 25. Nc4 Nd7 26. Nd6 b5 27. Bg3 Bg5 28. Rc2 *

[Event "Slovenian chT 2019"]
[Site "Slovenia"]
[Date "2019.12.20"]
[Round "7"]
[White "Markun, Bostjan"]
[Black "Stajner, Samo"]
[Result "1-0"]
[ECO "B17"]
[WhiteElo "2260"]
[BlackElo "2380"]
[Annotator "NA"]
[PlyCount "71"]
[EventDate "2019.??.??"]
[EventCountry "SLO"]
[SourceTitle "playchess.com"]
[Source "ChessBase"]
[SourceQuality "1"]
[TimeControl "40/5400+30:1800+30"]

1. e4 c6 2. d4 d5 3. Nc3 dxe4 4. Nxe4 Nd7 5. Nf3 Ndf6 6. Nxf6+ Nxf6 7. Bc4 Bf5 8. Qe2 e6 9. Bg5 h6 10. Bxf6 gxf6 11. O-O-O Qa5 12. d5 b5 13. dxe6 bxc4 14. Qxc4 fxe6 15. Qxc6+ Kf7 16. Qxa8 Qc7 17. Nd4 Bc5 18. Qxh8 Bxd4 19. Rd2 Qc5 20. Qb8 Bxf2 21. Rxf2 Qxf2 22. Qc7+ Kg6 23. Qg3+ Qxg3 24. hxg3 Be4 25. Kd2 Bxg2 26. Rh4 f5 27. Ke3 e5 28. Ra4 h5 29. Ra5 Kf6 30. Rxa7 h4 31. gxh4 f4+ 32. Kf2 Bh1 33. h5 Kg5 34. Ra5 Kf6 35. h6 Be4 36. Ra7 1-0

[Event "Slovenian chT 2019"]
[Site "Slovenia"]
[Date "2019.12.20"]
[Round "7"]
[White "Gombac, Jan"]
[Black "Zvan, Ziga"]
[Result "1-0"]
[ECO "E14"]
[WhiteElo "2246"]
[BlackElo "2249"]
[Annotator "NA"]
[PlyCount "51"]
[EventDate "2019.??.??"]
[EventCountry "SLO"]
[SourceTitle "playchess.com"]
[Source "ChessBase"]
[SourceQuality "1"]
[TimeControl "40/5400+30:1800+30"]

1. Nf3 Nf6 2. c4 e6 3. d4 Bb4+ 4. Nbd2 O-O 5. a3 Bxd2+ 6. Qxd2 b6 7. e3 Bb7 8. Be2 d6 9. O-O Nbd7 10. b4 Ne4 11. Qc2 f5 12. d5 exd5 13. Nd4 Qe7 14. cxd5 Bxd5 15. f3 Ng5 16. Nxf5 Qe5 17. e4 Nxe4 18. fxe4 Bxe4 19. Qb3+ d5 20. Bb2 Qe6 21. Nxg7 Qg6 22. Qh3 c5 23. Ne6 Rxf1+ 24. Rxf1 d4 25. Bh5 Bxg2 26. Qxg2 1-0

[Event "Slovenian chT 2019"]
[Site "Slovenia"]
[Date "2019.12.20"]
[Round "7"]
[White "Zupancic, Jernej"]
[Black "Rozic, Samo"]
[Result "1-0"]
[ECO "A25"]
[WhiteElo "2240"]
[BlackElo "2205"]
[Annotator "NA"]
[PlyCount "93"]
[EventDate "2019.??.??"]
[EventCountry "SLO"]
[SourceTitle "playchess.com"]
[Source "ChessBase"]
[SourceQuality "1"]
[TimeControl "40/5400+30:1800+30"]

1. c4 f5 2. Nc3 Nf6 3. g3 e5 4. Bg2 Nc6 5. d3 Bb4 6. Bd2 O-O 7. Nd5 Bxd2+ 8. Qxd2 d6 9. e3 Be6 10. Ne2 Qd7 11. O-O Rae8 12. Rac1 Kh8 13. b4 Nd8 14. Qb2 Nh5 15. f4 c6 16. Ndc3 Nf6 17. Nd1 Bf7 18. Nf2 exf4 19. exf4 Re7 20. Nd4 c5 21. Nf3 b6 22. bxc5 bxc5 23. Nh4 Rfe8 24. Qc3 Bh5 25. Rb1 Re2 26. a3 Qe6 27. h3 Re3 28. Kh2 Be2 29. Rg1 Nh5 30. Bd5 Qd7 31. Rb8 Nc6 32. Rxe8+ Rxe8 33. Nxf5 Nf6 34. g4 h5 35. Bxc6 Qxc6 36. Nxg7 Rf8 37. Nxh5 Qf3 38. Ne4 Bf1 39. Rg3 Qe2+ 40. Kg1 Qd1 41. Nhxf6 Bxd3+ 42. Kh2 Bxe4 43. Nxe4+ Kg8 44. Qd3 Qe1 45. Re3 Qh4 46. Ng3 Rxf4 47. Qg6+ 1-0